 Dungeon Crawl Stone Soup version 0.27-a0-1296-g8ece459b43 (webtiles) character file.

Game seed: 16611077259748212530

696 HAL9000 the Covert (level 7, -1/34 HPs)
             Began as a Vine Stalker Brigand on June 16, 2021.
             Shot with an arrow by a centaur (2 damage)
             ... on level 5 of the Dungeon.
             The game lasted 00:12:29 (4625 turns).

HAL9000 the Covert (Vine Stalker Brigand)           Turns: 4625, Time: 00:12:30

Health: -1/34      AC:  6    Str: 15    XL:     7   Next: 64%
Magic:  0/8        EV: 11    Int: 11    God:
Gold:   153        SH:  3    Dex: 16    Spells: 6/6 levels left

rFire    + . .     SeeInvis .   a - +2 dagger
rCold    . . .     Faith    .   t - +0 buckler
rNeg     . . .     Spirit   +   d - +1 robe {rF+}
rPois    +         Reflect  .   v - +2 hat
rElec    .         Harm     .   c - +0 cloak
rCorr    .         Rampage  .   (no gloves)
Will     .....                  (no boots)
Stlth    ++++......             (no amulet)
HPRegen  1.11/turn              g - ring of poison resistance
MPRegen  0.11/turn              (no ring)

@: no status effects
A: fangs 2, regeneration 1, magic shield, antimagic bite, no potion heal 2
a: no special abilities


You were on level 5 of the Dungeon.
You visited 1 branch of the dungeon, and saw 5 of its levels.

You collected 153 gold pieces.

Inventory:

Hand Weapons
 a - a +2 dagger (weapon)
 s - a +0 flail
Missiles
 e - 3 curare-tipped darts (quivered)
 x - 5 boomerangs
 y - a poisoned dart
Armour
 b - a +0 robe
 c - a +0 cloak (worn)
 d - a +1 robe of fire resistance (worn)
 t - a +0 buckler (worn)
 v - a +2 hat (worn)
Jewellery
 g - a ring of poison resistance (left hand)
Scrolls
 f - a scroll of enchant weapon {unknown}
 h - a scroll of noise {unknown}
 i - 2 scrolls of fog {unknown}
 l - 2 scrolls of identify {unknown}
 m - 2 scrolls of brand weapon {unknown}
 q - a scroll of amnesia {unknown}
 w - 2 scrolls of teleportation {unknown}
Potions
 j - a potion of curing {unknown}
 k - a potion of might {unknown}
 n - 2 potions of berserk rage {unknown}
 o - a potion of flight {unknown}
 p - a potion of heal wounds {unknown}
 r - a potion of haste {unknown}
 u - 6 potions of attraction {unknown}


   Skills:
 - Level 1.8 Fighting
 + Level 6.0 Short Blades
 - Level 2.0 Throwing
 - Level 1.0 Dodging
 - Level 8.0 Stealth


You had 6 spell levels left.
You didn't know any spells.
Your spell library was empty.

Dungeon Overview and Level Annotations

Branches:
Dungeon (5/15)
 Temple: D:4-7

Altars:


Innate Abilities, Weirdness & Mutations

You have extremely sharp teeth.
Your natural rate of healing is unusually fast.
When hurt, damage is shared between your health and your magic reserves.
Your bite disrupts and absorbs the magic of your enemies.
Potions cannot restore your health.


Message History

a +0 whip; a +1 robe of fire resistance; a +0 whip
d - a +1 robe of fire resistance You start removing your armour.
You continue taking off your +0 robe. x4
You finish taking off your +0 robe.
You start putting on your armour.
You continue putting on your +1 robe of fire resistance. x5
You finish putting on your +1 robe of fire resistance.
You feel resistant to fire.
Unknown command.
Unknown command.
Unknown command.
Unknown command.
Magic restored.
Done exploring.
Done exploring.
There is a stone staircase leading down, spattered with blood here.
You climb downwards.
There is a stone staircase leading up, spattered with blood here.
Unknown command.
Things that are here:
a +0 flail; a gnoll corpse
Things that are here:
a +0 club; an orc skeleton
y - a poisoned dart
Things that are here:
a +0 hand axe; an orc corpse A centaur comes into view.
The centaur wields a +4 vorpal shortbow.
The centaur shoots an arrow.
The arrow hits you.
Found 25 bolts.
Search for what [Enter for "thro", or ? for help]? short bl The centaur shoots an arrow.
The arrow hits you!
The centaur shoots an arrow.
The arrow hits you!
Found 13 poisoned darts.
You are too injured to fight recklessly!
The centaur shoots an arrow.
The arrow hits you.
* * * LOW HITPOINT WARNING * * *
x2 The centaur shoots an arrow.
The arrow hits you!
* * * LOW HITPOINT WARNING * * *
You die...

#.#.# ##..# ....
#...### #.#.# #.....#
<...# #.....# #.#.#
#...<## ....# ##...).##
#.#.# #...))..# ....#
####....)..## #.#.#
##..@....[...## ......
(..#.#...#.........#
...
...#(......###........#
#
..#.c#.########...#.##
#..##.......#...##
###..................
...........)..#####..
.............## #..
.......g.....# #.


You could see a centaur.

Vanquished Creatures
  An ogre (D:2)
  A kobold brigand (D:4)
  A scorpion (D:4)
  A howler monkey (D:4)
  A bullfrog zombie (D:3)
  3 orc priests
  A gnoll shaman (D:4)
  2 hounds
  2 orc wizards
  A hound zombie (D:5)
  2 hound skeletons (D:4)
  3 gnolls
  An adder (D:3)
  A worm (D:3)
  A dart slug (D:1)
  11 orcs
  6 ball pythons
  2 bats
  7 endoplasms
  4 giant cockroaches
  11 hobgoblins
  6 jackals
  5 kobolds
  6 quokkas
  3 frilled lizards
  7 goblins
  7 rats
97 creatures vanquished.

Vanquished Creatures (others)
  5 plants (D:4)
5 creatures vanquished.

Grand Total: 102 creatures vanquished

Notes
Turn   | Place    | Note
-------+----------+-------------------------------------------
     0 | D:1      | HAL9000 the Vine Stalker Brigand began the quest for the
                  | Orb.
     0 | D:1      | Reached XP level 1. HP: 11/11 MP: 2/2
    62 | D:1      | Found a faded altar of an unknown god.
   135 | D:1      | Reached skill level 5 in Stealth
   290 | D:1      | Reached skill level 1 in Dodging
   290 | D:1      | Reached XP level 2. HP: 15/15 MP: 3/3
  1362 | D:2      | Reached XP level 3. HP: 18/18 MP: 4/4
  1786 | D:2      | Reached skill level 6 in Stealth
  2179 | D:3      | Noticed an ogre
  2182 | D:3      | Gained mutation: Your natural rate of healing is unusually
                  | fast. [Vine Stalker growth]
  2182 | D:3      | Reached XP level 4. HP: 23/23 MP: 5/5
  2216 | D:2      | Killed an ogre
  2217 | D:2      | Reached skill level 7 in Stealth
  2217 | D:2      | Reached XP level 5. HP: 26/26 MP: 6/6
  2240 | D:3      | Reached skill level 8 in Stealth
  2540 | D:2      | Reached XP level 6. HP: 15/30 MP: 5/7
  3085 | D:4      | Reached XP level 7. HP: 28/34 MP: 5/8
  3452 | D:4      | Reached skill level 5 in Short Blades
  4367 | D:5      | Entered Level 5 of the Dungeon
  4625 | D:5      | HP: 1/34 [centaur/arrow (9)]
  4625 | D:5      | Shot with an arrow by a centaur

Illustrated notes

Levels and vault maps discovered:
D:1:      dpeg_arrival_fog, layout_loops_corners,
          shapermc_ecumenical_altar_totnotflames, minmay_misc_feat_room
D:2:      layout_basic, minmay_misc_feat_ornament, minmay_heptomino_w4
D:3:      layout_rooms, hangedman_feature_mirror, chequers_serial_rivers_small_3
D:4:      layout_layer_cave, serial_bayou_pond_b, minmay_ruptured
D:5:      layout_cave_pools, amcnicky_altar_gilded, grunt_temple_overflow_open,
          serial_gnoll_camp, gnoll_camp_mini_hut, gnoll_camp_huts_basic,
          gnoll_camp_mini_sergeant, gnoll_camp_mini_house, st_stairs_9,
          feat_on_display

Skill      XL: |  1  2  3  4  5  6  7 |
---------------+----------------------+-----
Stealth        | 5 6 7 8 |  8.0
Dodging        | 1 |  1.0
Short Blades   | 2 3 4 6 |  6.0
Throwing       | 2 |  2.0
Fighting       | |  1.8

Action                   |  1- 3 |  4- 6 |  7- 9 || total
-------------------------+-------+-------+-------++-------
Melee: Dagger            |    76 |   170 |   116 ||   362
       Bite              |    15 |    58 |    37 ||   110
Throw: Dart              |       |    36 |    15 ||    51
 Stab: Sleeping          |    15 |     4 |     1 ||    20
Armor: Robe              |    14 |    42 |    21 ||    77
Dodge: Dodged            |    25 |   115 |    44 ||   184
Block: Buckler           |       |    15 |    12 ||    27

Table legend: (Time is in decaauts)
 A = Elapsed time spent in this place.
 B = Non-inter-level travel time spent in this place.
 C = Inter-level travel time spent in this place.
 D = Time resting spent in this place.
 E = Time spent auto-exploring this place.
 F = Levels seen in this place.
 G = Mean time per level.
                   A        B        C        D        E       F      G
               +--------+--------+--------+--------+--------+-----+--------+
         Total |   4603 |   4436 |    167 |    190 |   3359 |   5 |  920.6 |
       Dungeon |   4603 |   4436 |    167 |    190 |   3359 |   5 |  920.6 |
               +--------+--------+--------+--------+--------+-----+--------+

Top non-repeatable levels by time:
     D:4: 1509 daAuts
     D:1: 1316 daAuts
     D:2: 939 daAuts
     D:3: 691 daAuts
     D:5: 146 daAuts
